 Dungeon Crawl Stone Soup version 0.20-a0-629-gc37eb77 (webtiles) character file.

71 seren the Gusty (level 4, -5/36 HPs)
             Began as a Tengu Air Elementalist on Feb 10, 2017.
             Slain by Natasha (6 damage)
             ... on level 3 of the Dungeon.
             The game lasted 00:12:40 (2853 turns).

seren the Gusty (Tengu Air Elementalist)            Turns: 2853, Time: 00:12:41

Health: -5/36      AC: 22    Str:  9    XL:     4   Next: 24%
Magic:  2/8        EV:  2    Int: 16    God:
Gold:   144        SH:  0    Dex: 14    Spells: 1/7 levels left

rFire    . . .     SeeInvis .   e - +0 dagger
rCold    . . .     Gourm    .   (armour currently unavailable)
rNeg     + + +     Faith    .   (no shield)
rPois    +         Spirit   .   (helmet currently unavailable)
rElec    .         Reflect  .   (cloak currently unavailable)
rCorr    .         Harm     .   (gloves currently unavailable)
MR       .....     NoTele   +   (boots unavailable)
Stlth    ++........             (no amulet)
Regen    0.2/turn               (no ring)
                                m - ring of wizardry

@: tree-form, very slightly contaminated, hasted, very quick
A: (beak), (talons 0)
a: no special abilities


You were on level 3 of the Dungeon.
You were not hungry.
You were a tree.
You visited 1 branch of the dungeon, and saw 3 of its levels.

You collected 144 gold pieces.

Inventory:

Hand Weapons
 e - a +0 dagger (weapon)
Armour
 a - a +0 robe (melded)
 h - a +0 buckler
Jewellery
 m - a ring of wizardry (left branch)
Scrolls
 g - a scroll of teleportation
 i - a scroll of remove curse {unknown}
 j - a scroll of enchant armour {unknown}
 k - a scroll of fear
 o - a scroll of blinking {unknown}
 r - 2 scrolls of amnesia {unknown}
 t - a scroll of identify
Potions
 d - 4 potions of curing
 f - 4 potions of haste
 q - a potion of flight {unknown}
 u - a potion of mutation {unknown}
 w - a potion of magic {unknown}
Books
 b - a book of Air

   Spells                             Type                      Level
   a - Shock                          Conjuration/Air              1
   b - Swiftness                      Charms/Air                   2
   c - Static Discharge               Conjuration/Air              3
   d - Airstrike                      Air                          4
   e - Lightning Bolt                 Conjuration/Air              5
Comestibles
 c - 3 bread rations
 n - 4 fruits
 p - 3 royal jellies
 s - 2 meat rations
 v - 6 chunks of flesh


   Skills:
 - Level 2.1 Dodging
 - Level 2.0 Stealth
 + Level 2.3 Spellcasting
 - Level 3.8 Conjurations
 - Level 5.0 Air Magic


You had one spell level left.
You knew the following spells:

 Your Spells              Type           Power        Failure   Level  Hunger
a - Shock                 Conj/Air       ###.         1%          1    #......
b - Swiftness             Chrm/Air       #.......     4%          2    ###....
c - Static Discharge      Conj/Air       ###.....     4%          3    ###....


Dungeon Overview and Level Annotations

Branches:
Dungeon (3/15)

Altars:
Ashenzari
Cheibriados
Elyvilon
Nemelex Xobeh
Sif Muna
Trog

Annotations:
D:3 Natasha


Innate Abilities, Weirdness & Mutations

((You have a beak for a mouth.))
((You have claws for feet.))


Message History

Natasha is heavily wounded.
Natasha zaps a wand.
You resist with some effort.
It is a wand of polymorph (?/24).
You barely miss Natasha.
Natasha is heavily wounded.
Natasha stares at you and mumbles some strange words.
The magic dart hits you!
* * * LOW HITPOINT WARNING * * *
You hit Natasha but do no damage.
Natasha is heavily wounded.
Natasha claws you but does no damage.
You hit Natasha.
Natasha is severely wounded.
Natasha claws you.
* * * LOW HITPOINT WARNING * * *
You hit Natasha.
Natasha is severely wounded.
You feel yourself speed up. Natasha claws you.
You die...

.......# #.÷........#
.......# ###........#
.......# #........#
...[...# ####........#
.......# #(..........#
##########.##..(.....#
# #...##........#
########.#######.....#
#........# #♣....#
#........#######h....#
.....................#
>........#######.....#
#..(.....# #.....#
#........# #.....#
#........# #.%...#
#........# #######
##########


You could see Natasha.

Vanquished Creatures
  2 adders (D:2)
  A dart slug (D:1)
  A leopard gecko (D:3)
  3 giant cockroaches
  4 hobgoblins
  10 jackals
  A quokka (D:3)
  4 bats
  3 frilled lizards
  6 goblins
  6 kobolds
  6 rats
47 creatures vanquished.

Notes
Turn   | Place    | Note
-------+----------+-------------------------------------------
     0 | D:1      | seren the Tengu Air Elementalist began the quest for the Orb.
     0 | D:1      | Reached XP level 1. HP: 10/10 MP: 4/4
   262 | D:1      | Reached XP level 2. HP: 15/15 MP: 4/6
   725 | D:1      | Reached XP level 3. HP: 19/19 MP: 5/7
   735 | D:1      | Learned a level 2 spell: Swiftness
   739 | D:1      | Learned a level 3 spell: Static Discharge
  1051 | D:2      | Found a sparkling altar of Nemelex Xobeh.
  1352 | D:2      | Reached skill level 5 in Air Magic
  1682 | D:2      | Found a white marble altar of Elyvilon.
  1682 | D:2      | Found a deep blue altar of Sif Muna.
  1689 | D:2      | Found a faded altar of an unknown god.
  1692 | D:2      | Found a snail-covered altar of Cheibriados.
  1694 | D:2      | Found a shattered altar of Ashenzari.
  2011 | D:2      | Found a faded altar of an unknown god.
  2384 | D:3      | Found a bloodstained altar of Trog.
  2522 | D:3      | Reached XP level 4. HP: 24/24 MP: 6/8
  2834 | D:3      | Noticed Natasha
  2852 | D:3      | HP: 1/36 [Natasha (3)]
  2853 | D:3      | Slain by Natasha

Vault maps used:
D:1:      lightli_arrival_quake
D:2:      chequers_temple_overflow_minitemple, lemuel_crystal_altar,
          chequers_ecumenical_altar_simple
D:3:      nicolae_overflow_crystal_walls, serial_glass, glass_columns_a,
          glass_columns_a, uniq_natasha

Skill      XL: |  1  2  3 |
---------------+----------+-----
Conjurations   | 2 3 |  3.8
Air Magic      | 5 |  5.0
Dodging        | |  2.1
Stealth        | |  2.0
Spellcasting   | |  2.3

Action                   |  1- 3 |  4- 6 || total
-------------------------+-------+-------++-------
Melee: Dagger            |    10 |    11 ||    21
       Kick              |     2 |     1 ||     3
       Peck              |     2 |       ||     2
 Cast: Shock             |    60 |    26 ||    86
  Use: Scroll            |     3 |       ||     3
       Potion            |       |     2 ||     2
 Stab: Sleeping          |     1 |       ||     1
  Eat: Chunk             |     6 |     1 ||     7
Armor: Skin              |       |     4 ||     4
       Robe              |       |     1 ||     1
Dodge: Dodged            |    13 |     7 ||    20
